Cogmind - Beta 11 X8 @@@ ROGUE MODE // 2022.01.02 @ 21:52:45 Player: thingamajigger Result: Destroyed by 8R-AWN with 8R-AWN's Boregun Performance ------------- Evolutions (0) 0 Regions Visited (3) 600 Robots Destroyed (30) 150 Value Destroyed (697) 697 Prototype IDs (26) 520 Alien Tech Used (0) 0 Bonus (90) 90 TOTAL SCORE: 2057 Bonus ------- Aligned with FarCom 300 Friendly Fire -210 Cogmind --------- Core Integrity 0/250 Matter 195/300 Energy 250/250 System Corruption 0% Temperature Cool (0) Movement Treading (160) Location -10/Exiles Parts ------- > --- POWER (1) -------- Ion Engine > --- PROPULSION (2) --- Light Treads Light Treads > --- UTILITY (2) ------ Large Storage Unit Improved Light Armor Plating > --- WEAPON (2) ------- Improved Assault Rifle Improved Assault Rifle > --- INVENTORY (15) --- Light Treads Light Treads Light Treads Weapon Shielding Heavy Assault Rifle Heavy Assault Rifle Heavy Assault Rifle Minigun AWS/Autocannon Grenade Launcher Field Lobotomy Kit (5) Peak State ------------ > --- POWER ------------ Ion Engine > --- PROPULSION ------- Light Treads Light Treads > --- UTILITY ---------- Large Storage Unit Improved Light Armor Plating > --- WEAPON ----------- Improved Assault Rifle Improved Assault Rifle > --- INVENTORY -------- Light Treads Light Treads Light Treads Weapon Shielding Heavy Assault Rifle Heavy Assault Rifle Heavy Assault Rifle Improved Assault Rifle Improved Assault Rifle Minigun AWS/Autocannon Grenade Launcher Field Lobotomy Kit [Rating: 19] Favorites ----------- Power Ion Engine Engine Ion Engine Propulsion Light Treads Treads Light Treads Utility Large Storage Unit Device Structural Scanner Storage Large Storage Unit Protection Improved Light Armor Plating Weapon Improved Assault Rifle Ballistic Gun Improved Assault Rifle Launcher Grenade Launcher Build | -11 -10 -10 -10 ------- Run | Scr Mat Min Exi Slots Evolved . | . . . . Power . | . . . . Propulsion . | . . . . Utility . | . . . . Weapon . | . . . . Parts Attached 25 | 6 12 3 4 Power 3 | 1 2 . . Engine 3 | 1 2 . . Core . | . . . . Reactor . | . . . . Propulsion 6 | 2 4 . . Treads 6 | 2 4 . . Leg . | . . . . Wheel . | . . . . Hover . | . . . . Flight . | . . . . Utility 5 | 1 3 1 . Device 1 | . 1 . . Storage 2 | 1 1 . . Processor . | . . . . Hackware . | . . . . Protection 2 | . 1 1 . Artifact . | . . . . Weapon 11 | 2 3 2 4 Energy Gun . | . . . . Energy Cannon . | . . . . Ballistic Gun 9 | 2 3 1 3 Ballistic Cannon . | . . . . Launcher 2 | . . 1 1 Special Weapon . | . . . . Impact Weapon . | . . . . Slashing Weapon . | . . . . Piercing Weapon . | . . . . Special Melee Weapon . | . . . . Unidentified Prototypes 1 | . 1 . . Parts Lost 1 | . 1 . . Power 1 | . 1 . . Propulsion . | . . . . Utility . | . . . . Weapon . | . . . . Highest Loss Streak 1 | . 1 . . Average Slot Usage (%) 98 | . 94 100 100 Engine 13 | . 13 14 14 Treads 27 | . 27 28 28 Device 4 | . 5 7 . Storage 14 | . 14 14 14 Protection 8 | . 4 6 14 Ballistic Gun 27 | . 27 26 27 Naked Turns . | . . . . Heaviest Build 34 | 11 32 34 34 Greatest Support 40 | 40 40 40 40 Greatest Overweight (x) . | . . . . Average Overweight (x) . | . . . . Largest Inventory Capacity 15 | 8 15 15 15 Average Capacity 13 | 7 9 15 15 Most Carried 15 | 1 13 15 15 Average Carried 11 | . 7 14 13 Final Capacity 15 | 8 15 15 15 Final Carried 15 | 1 13 15 13 Class Distribution -------------------- 100% | Mutant Dominant Class ---------------- Mutant | -10/Materials Mutant | -10/Mines Mutant | -10/Exiles Resources | -11 -10 -10 -10 ----------- Run | Scr Mat Min Exi Matter Collected 879 | 229 368 282 . Remotely . | . . . . Salvage Created 1065 | . 633 415 17 Parts 73 | . 47 26 . Haulers Intercepted 1 | . 1 . . Recyclers Shooed 1 | . 1 . . Parts Field Recycled . | . . . . Retrieved Matter . | . . . . Parts Self-Destructed . | . . . . Prevented . | . . . . Kills | -11 -10 -10 -10 ------- Run | Scr Mat Min Exi Combat Hostiles Destroyed 39 | . 15 22 2 Guns 23 | . 15 8 . AOE 16 | . . 14 2 Classes Destroyed 10 | . 6 4 . Worker 1 | . . 1 . Builder 1 | . 1 . . Tunneler 1 | . . 1 . Hauler 1 | . 1 . . Operator 1 | . 1 . . Watcher 2 | . 2 . . Swarmer 8 | . 6 2 . Grunt 13 | . 9 4 . Demolisher 1 | . . 1 . Assembled 17 | . . 15 2 Thug 1 | . . 1 . Best Kill Streak 15 | . 5 15 2 Combat Bots Only 14 | . 5 14 2 Max Kills in Single Turn 5 | . 2 5 1 Gunslinging 1 | . 1 . . Exploded 4 | . . 4 1 Melee . | . . . . Uniques/NPCs Destroyed 3 | . . . 3 EX-DEC (-10/Exiles) EX-HEX (-10/Exiles) EX-BIN (-10/Exiles) Combat | -11 -10 -10 -10 -------- Run | Scr Mat Min Exi Damage Taken 1087 | . 678 326 83 Core 250 | . 119 85 46 Absorbed by Shields . | . . . . Core Remaining (%) 100 | 100 . . . Volleys Fired 94 | . 54 30 10 Largest 2 | . 2 2 2 Hottest 46 | . 46 46 46 Shots Fired 178 | . 108 53 17 Gun 169 | . 108 46 15 Cannon . | . . . . Launcher 9 | . . 7 2 Special . | . . . . Kinetic 169 | . 108 46 15 Thermal . | . . . . Explosive 9 | . . 7 2 Electromagnetic . | . . . . Robot Hit Streak 10 | . 10 9 8 Robot Miss Streak 4 | . 4 2 1 Penetration Max . | . . . . Secondary Targets 4 | . 3 1 . Max Gunslinging Chain 1 | . 1 1 . Shots Hit Robots 114 | . 66 38 10 Core Hits 85 | . 28 49 8 Critical Kills . | . . . . Critical Parts Destroyed 2 | . 1 1 . Critical Strikes 2 | . 1 1 . Destroy 2 | . 1 1 . Melee Attacks . | . . . . Impact . | . . . . Slashing . | . . . . Piercing . | . . . . Sneak Attacks . | . . . . Combat Hostiles . | . . . . Follow-up Attacks . | . . . . Damage Inflicted 2417 | . 872 1296 249 Guns 1609 | . 872 576 161 Cannons . | . . . . Explosions 808 | . . 720 88 Melee . | . . . . Ramming . | . . . . Kinetic 1609 | . 872 576 161 Thermal . | . . . . Explosive 808 | . . 720 88 Electromagnetic . | . . . . Impact . | . . . . Slashing . | . . . . Piercing . | . . . . Highest Corruption . | . . . . Average Corruption . | . . . . Corruption Purged . | . . . . Overload Shots . | . . . . Overflow Damage 11 | . . 11 . Projectiles . | . . . . Explosions 11 | . . 11 . Melee . | . . . . Knockbacks . | . . . . Impact . | . . . . Kinetic . | . . . . Secondary . | . . . . Self-Inflicted Damage . | . . . . Shots . | . . . . Rammed . | . . . . Targets Rammed . | . . . . Kicked . | . . . . Crushed . | . . . . Highest Temperature 25 | . 25 15 . Average Temperature 7 | . 8 6 . Received Heat Transfer 318 | . 231 87 . Siege Activations . | . . . . Robots Corrupted . | . . . . Combat Hostiles . | . . . . Parts Fried . | . . . . Impact Corruptions . | . . . . Robots Melted . | . . . . Combat Hostiles . | . . . . Parts Melted . | . . . . Heat Transferred . | . . . . Parts Sabotaged . | . . . . Parts Stolen . | . . . . Parts Stripped . | . . . . Power Chain Reactions . | . . . . Missiles Intercepted . | . . . . Alert | -11 -10 -10 -10 ------- Run | Scr Mat Min Exi Peak Influence 292 | . 292 170 . Initial 55 | . . 55 . Average 109 | . 169 72 . Maximum Alert Level 1 | . 1 . . Low Security (%) 83 | 100 60 100 . Level 1 16 | . 39 . . Level 2 . | . . . . Level 3 . | . . . . Level 4 . | . . . . Level 5 . | . . . . High Security . | . . . . Max Security . | . . . . Squads Dispatched 4 | . 4 . . Investigation 2 | . 2 . . Extermination . | . . . . Reinforcement 2 | . 2 . . Assault . | . . . . Garrison . | . . . . Intercept . | . . . . Construction Impeded . | . . . . Haulers Reinforced . | . . . . Active Scanning Responses . | . . . . Cargo Convoy Interrupts . | . . . . Stealth | -11 -10 -10 -10 --------- Run | Scr Mat Min Exi Distress Signals 1 | . 1 . . Communications Jammed . | . . . . Distress Signals . | . . . . Times Spotted 61 | . 30 23 8 Peak Tracking Total 11 | . 7 11 8 Tactical Retreats 1 | . . 1 . Traps | -11 -10 -10 -10 ------- Run | Scr Mat Min Exi Traps Triggered 3 | . 2 1 . Indirectly . | . . . . Trap Hack Attempts . | . . . . Triggered . | . . . . Disarmed . | . . . . Reprogrammed . | . . . . Reused 1 | . . . 1 Traps Extracted . | . . . . Installed 3 | . . . 3 Triggered . | . . . . Machines | -11 -10 -10 -10 ---------- Run | Scr Mat Min Exi Machines Disabled 4 | . 2 . 2 Max in Single Turn 1 | . 1 . 1 Machines Sabotaged . | . . . . Garrisons Compromised . | . . . . Overloaded Fab Kills . | . . . . Hacking | -11 -10 -10 -10 --------- Run | Scr Mat Min Exi Machines Accessed 8 | . 3 3 2 Terminals 5 | . 3 2 . Fabricators . | . . . . Repair Stations . | . . . . Recycling Units . | . . . . Scanalyzers . | . . . . Garrison Access . | . . . . Total Hacks 16 | . 10 4 2 Successful 12 | . 7 3 2 Failed 2 | . 2 . . Catastrophic . | . . . . Database Lockouts 2 | . 1 1 . Manual 14 | . 10 3 1 Terminals 13 | . 10 3 . Fabricators . | . . . . Repair Stations . | . . . . Recycling Units . | . . . . Scanalyzers . | . . . . Garrison Access . | . . . . Terminal Hacks 9 | . 4 3 2 Record 1 | . . . 1 Robot Analysis 2 | . 1 1 . Prototype ID Bank 1 | . 1 . . Open Door 1 | . . 1 . Branch Access Points 1 | . . 1 . Terminal Index 1 | . 1 . . Fabricator Index 1 | . 1 . . EX-Prototype ID Bank 1 | . . . 1 Fabricator Hacks . | . . . . Repair Station Hacks . | . . . . Recycling Unit Hacks . | . . . . Scanalyzer . | . . . . Garrison Access Hacks . | . . . . Unauthorized Hacks 3 | . 3 . . Terminals 3 | . 3 . . Track 1 | . 1 . . Botnet 1 | . 1 . . Operators 1 | . 1 . . Fabricators . | . . . . Repair Stations . | . . . . Recycling Units . | . . . . Scanalyzers . | . . . . Garrison Access . | . . . . Data Cores Recovered . | . . . . Used . | . . . . Hacking Detections 3 | . 3 . . Full Trace Events 2 | . 2 . . Feedback Events . | . . . . Feedback Blocked . | . . . . Robot Schematics Acquired . | . . . . Robots Built . | . . . . Authchips . | . . . . Time . | . . . . Total Robot Build Rating . | . . . . Part Schematics Acquired . | . . . . Parts Built . | . . . . Authchips . | . . . . Time . | . . . . Total Part Build Rating . | . . . . Parts Repaired . | . . . . Time . | . . . . Parts Recycled . | . . . . Recycled Matter . | . . . . Retrieved Matter . | . . . . Retrieved Components . | . . . . Parts Scanalyzed . | . . . . Part Schematics Acquired . | . . . . Parts Damaged . | . . . . Bothacking | -11 -10 -10 -10 ------------ Run | Scr Mat Min Exi Used RIF Installer . | . . . . Robots Hacked . | . . . . Non-combat . | . . . . Combat . | . . . . Robot Hacks Applied . | . . . . Relay Couplers Released . | . . . . Fabnet Peak Effective % . | . . . . Robots Rewired . | . . . . Allies Hacked . | . . . . Hacks Repelled . | . . . . Allies | -11 -10 -10 -10 -------- Run | Scr Mat Min Exi Total Allies . | . . . . Largest Group . | . . . . Highest-Rated Group . | . . . . Highest-Rated Ally . | . . . . Total Orders . | . . . . Ally Attacks 24 | . . . 24 Total Damage 1224 | . . . 1224 Kills 7 | . . . 7 Allies Corrupted . | . . . . Allies Melted . | . . . . Turrets Deployed 3 | . . . 3 Intel | -11 -10 -10 -10 ------- Run | Scr Mat Min Exi Robot Analysis Total 2 | . 1 1 . Derelict Logs Recovered 2 | . . 2 . Drone Launches . | . . . . Drone Recoveries . | . . . . Exploration | -11 -10 -10 -10 ------------- Run | Scr Mat Min Exi Turns Passed 3236 | 112 892 1096 1136 Spaces Moved 1783 | 58 424 621 680 Core 2 | 2 . . . Treads 1781 | 56 424 621 680 Legs . | . . . . Wheels . | . . . . Hover . | . . . . Flight . | . . . . Fastest Speed 50 | 50 160 160 160 Average Speed 159 | 156 160 160 160 Slowest Speed 160 | 160 160 160 160 Overloaded Moves . | . . . . Propulsion Burnouts . | . . . . Robots Hopped . | . . . . Cave-ins Triggered . | . . . . Exploration Rate (%) 59 | 5 74 90 68 Regions Visited 3 Branch Regions 2 Pre-discovered Areas 1 | . . . 1 Known Exits Taken . | . . . . Unknown Exits Taken 3 | 1 1 1 . Scrap Searched 1 | . . 1 . Spaces Dug . | . . . . Terrain Destroyed 30 | . . 29 1 Melee . | . . . . Projectile . | . . . . AOE 30 | . . 29 1 Terrain Rammed . | . . . . Walls Destroyed . | . . . . Machines Disabled . | . . . . Actions | -11 -10 -10 -10 --------- Run | Scr Mat Min Exi Total 2000 | 77 537 671 715 Wait 47 | 13 21 9 4 Move 1780 | 57 423 620 680 Hop . | . . . . Pick Up 29 | 1 18 5 5 Fast Attach 13 | 6 6 1 . Attach 6 | . 4 . 2 Detach . | . . . . Swap 6 | . 2 2 2 Drop 22 | . 9 4 9 Fire 94 | . 54 30 10 Melee . | . . . . Ram . | . . . . Kick . | . . . . Crush . | . . . . Escape Stasis . | . . . . Rewire . | . . . . Trap 3 | . . . 3 Miscellaneous . | . . . . Route ------- -11/Scrapyard -10/Materials (discovered 3 exits: [*Mat x2] / *Min) -10/Mines (discovered 3 exits: [*Mat x2] / *Exi) -10/Exiles History --------- Turn | Location | Event 10 | -11/Scrapyard | Discovered new exit (range 15) 113 | -11/Scrapyard | Entered Materials 304 | -10/Materials | Build established: Mutant 444 | -10/Materials | Central database locked down 471 | -10/Materials | Discovered new exit (range 11) 636 | -10/Materials | Discovered new exit (range 16) 758 | -10/Materials | Discovered new exit (range 16) 1005 | -10/Materials | Entered Mines 1011 | -10/Mines | Met a Derelict who couldn't figure out how to use a Trap Extractor 1012 | -10/Mines | Met a Derelict bent on vengeance 1015 | -10/Mines | Core integrity fell below 50% 1049 | -10/Mines | Found a hidden stash of uninstalled traps 1072 | -10/Mines | Assembled infested the area 1124 | -10/Mines | Destroyed 14 combat bots 1147 | -10/Mines | Learned Materials stockpile data 1347 | -10/Mines | Discovered new exit (range 15) 1403 | -10/Mines | Discovered new exit (range 13) 1456 | -10/Mines | Central database locked down 1625 | -10/Mines | Learned Materials stockpile data 1726 | -10/Mines | Core integrity fell below 20% 2093 | -10/Mines | Deemed a non-threat by the Exiles lab entrance 2095 | -10/Mines | Discovered new exit (range 5) 2101 | -10/Mines | Entered Exiles 2141 | -10/Exiles | Met 8R-AWN 2167 | -10/Exiles | Met EX-HEX 2236 | -10/Exiles | Met EX-DEC 2324 | -10/Exiles | Learned location of Zion (-7) 2504 | -10/Exiles | Met EX-BIN 2522 | -10/Exiles | Aligned with FarCom system 2523 | -10/Exiles | Given EX-Vault access code 2560 | -10/Exiles | Opened EX-Vault 2568 | -10/Exiles | Found Deploy-a-Sentry 2571 | -10/Exiles | Found Deploy-a-Sentry 2573 | -10/Exiles | Found Deploy-a-Sentry 2611 | -10/Exiles | Warned to stay clear of 0b10 Research branches 2733 | -10/Exiles | DAS Turret deployed 2788 | -10/Exiles | DAS Turret deployed 2790 | -10/Exiles | DAS Turret deployed 3101 | -10/Exiles | Found AWS/Autocannon 3115 | -10/Exiles | Found Field Lobotomy Kit 3208 | -10/Exiles | Attacked by the Exiles 3209 | -10/Exiles | Allies destroyed EX-DEC 3214 | -10/Exiles | Allies destroyed EX-HEX 3223 | -10/Exiles | Allies destroyed EX-BIN 3237 | -10/Exiles | Destroyed by 8R-AWN with 8R-AWN's Boregun Last Messages --------------- 03219_ Destroyed EX Chip 1. 03220_ HV Slug penetrates DAS Turret. 03220_ DAS Turret suffers critical hit (Destroy). 03220_ HV Slug penetrates DAS Turret. 03220_ DAS Turret suffers critical hit (Destroy). 03220_ DAS Turret destroyed. 03223_ HV Slug penetrates Wall. 03223_ HV Slug penetrates Assembled Analyzer. 03223_ Assembled Analyzer disabled. 03223_ Penetrated by HV Slug. 03223_ EX-BIN: "You can't kill me, my evil twin will get revenge!" 03223_ EX-BIN destroyed. 03225_ HV Slug penetrates Wall. 03225_ HV Slug penetrates Assembled Analyzer. 03225_ HV Slug penetrates DAS Turret. 03229_ Destroyed Prototype Protection. 03231_ Penetrated by HV Slug. 03231_ HV Slug penetrates DAS Turret. 03231_ DAS Turret suffers critical hit (Destroy). 03234_ Penetrated by HV Slug. Map ----- +----------------------------------------------------+ | ??????## ###"" """"#?????????????????????????? | | ??????#" """"#?????????????????????????? | | ??????#" """#?????????????????????????? | | ??????#" """#?????????????????????????? | | ??????#" """#?????????????????????????? | | ??????#" """#?????????????????????????? | | ??????#" """#?????????????????????????? | | ??????## """"?????????????????????????? | | ???????# """#?????????????????????????? | | ???????#" "X" """"?????????????????????????? | | ???????#" """ #?????????????????????????? | | ???????#" """""""""#?????????????????????????? | | ??????##" ###########?????????????????????????? | | ?????##"" #???????????????????????????????????? | | ######"" #???????????????????????????????????? | | #""""""" ##??????????????????????????????????? | | """ " "" ##???###########???????????????????? | | """ " #;###"""""""""##??????????????????? | | " " """ """"##?????????????????? | | % " #?????????????????? | | " """#?????????????????? | | % "a"#???????????#####?? | | [ % "##?????????##" #?? | | [ ""###???????#" #?? | | """""" t ""#??????##" ##? | | ######""" !@ % % "#????### ## | | ""##????#####" % ##???# | | ""##?????????##"" % ##?## | | "##???????????#"""" ### | | "#???????????##"" ## | | ########??####"""" g #### | | ##aaa####""" % % #?#"""" | | """" % #" "##?##### | | * ######??????? | | =% ##???????????? | | /% % % ##????????????? | | " "" ^ ""#?????????????? | | ""## ##""" " " "" %% %%"##?????????????? | | ""#### ######""" """## ##??????????????? | | """"##??# #????###""""###;#######???????????????? | | """#???# #??????######?##??????????????????????? | | ""##???! "????????????????????????????????????? | | ""##???#" !???????????????????????????????????? | | ##????#" "#??????????????????????????????????? | | ##?????#!!""!"#??????????????????????????????????? | | #??????########??????????????????????????????????? | | #????????????????????????????????????????????????? | | ?????????????????????????????????????????????????? | | ?????????????????????????????????????????????????? | | ?????????????????????????????????????????????????? | +----------------------------------------------------+ Best States ------------- Heat Dissipation 25 Energy Generation 10 Energy Capacity 250 Matter Stores 300 Matter Capacity 300 Sight Range 16 Terrain Scan Density 10 Armor Coverage 150 Power Shielding 33 Evasion (%) 40 Recoil Reduction 2 Item Schematics ----------------- None Robot Schematics ------------------ None Fabricated ------------ Nothing Alien Tech Used ----------------- None Achievements -------------- None Challenges ------------ None Game ------ Seed SigixReactiveCloak Manual? 0 Play Time 00:15:22 Cumulative 141.3 hours Start 2022.01.02 @ 21:40:31 End 2022.01.02 @ 21:52:45 Sessions 1 Manual Loads 0 Difficulty Rogue Special Mode None Game No. 239 Rogue 222 Adventurer 4 Explorer 13 Win Type - Total 8 Types 6/0/0/2/0/0/0/0/0 Lore% 64 Gallery% 83 Achievement% 68 Wizard Run 0 Options --------- ASCII 0 Keyboard 1 Movement Numpad Keybinds 0 Fullscreen 1 Font 18/SmallcapsGlow Map View 76x50 Tactical HUD 1 Map Filters NONE Filters NONE Steam 1 RUN: b7c4b1ee-61ad-458d-8f55-93c62932c1bd